 Dungeon Crawl Stone Soup version 0.23.0-2-g0fe3ce5905 (webtiles) character file.

Game seed: 8604287818263496018

135 lilly the Cudgeler (level 4, 0/61 HPs)
             Began as a Minotaur Monk on Feb 18, 2019.
             Killed by divine providence
             ... invoked by an orc priest
              (11 damage)
             ... on level 3 of the Dungeon on Feb 20, 2019.
             The game lasted 00:07:26 (2103 turns).

lilly the Cudgeler (Minotaur Monk)                  Turns: 2103, Time: 00:07:27

Health: 0/61       AC: 22    Str: 17    XL:     4   Next: 97%
Magic:  3/3        EV:  2    Int:  7    God:
Gold:   138        SH:  0    Dex: 12    Spells: 3/3 levels left

rFire    . . .     SeeInvis .   a - +0 mace
rCold    . . .     Gourm    .   (no shield)
rNeg     + + +     Faith    .   (armour currently unavailable)
rPois    +         Spirit   .   (helmet currently unavailable)
rElec    .         Reflect  .   (cloak currently unavailable)
rCorr    .         Harm     .   (gloves currently unavailable)
MR       .....     NoTele   +   (boots currently unavailable)
Stlth    ++........             (no amulet)
HPRegen  0.20/turn              (no ring)
MPRegen  0.08/turn              n - ring of flight

@: tree-form, lightly drained
A: (retaliatory headbutt)
a: no special abilities


You were on level 3 of the Dungeon.
You were not hungry.
You were a tree.
You visited 1 branch of the dungeon, and saw 3 of its levels.

You collected 138 gold pieces.

Inventory:

Hand Weapons
 a - a +0 mace (weapon)
Armour
 b - a +0 robe (melded)
 m - a +1 pair of boots (melded)
Jewellery
 g - an uncursed ring of fire
 i - a +2 ring of protection
 n - a ring of flight (right branch)
Scrolls
 e - 2 scrolls of enchant armour
 f - a scroll of teleportation {unknown}
Potions
 j - 4 potions of heal wounds {unknown}
 k - a potion of might
 o - a potion of lignification
Comestibles
 c - 5 rations


   Skills:
 + Level 4.4(4.1) Fighting
 * Level 5.7(5.4) Maces & Flails
 + Level 4.0(3.7) Dodging
 + Level 1.9(1.7) Stealth


You had 3 spell levels left.
You didn't know any spells.
Your spell library was empty.

Dungeon Overview and Level Annotations

Branches:
Dungeon (3/15)

Altars:

Annotations:
D:3 Robin


Innate Abilities, Weirdness & Mutations

((You reflexively headbutt those who attack you in melee.))
((You have a pair of horns on your head.))


Message History

Your +0 robe melds into your body.
Your roots penetrate the ground.
The goblin hits you with a +0 dagger.
* * * LOW HITPOINT WARNING * * *
The orc hits you but does no damage.
You hit the orc.
You kill the orc!
The goblin hits you but does no damage.
You barely miss the goblin.
The goblin hits you but does no damage. x2
You hit the goblin.
You kill the goblin!
Your base Dodging skill increases to level 4!
The goblin hits you but does no damage. Robin throws the goblin at you!
You barely miss the goblin. The goblin hits you but does no damage.
The goblin unwields a +0 hunting sling.
The goblin wields a +0 club.
The goblin hits you but does no damage.
You closely miss the goblin.
The goblin no longer looks unusually strong. x2
The orc priest calls down the wrath of Beogh upon you.
Beogh smites you!
You die...

## .....# .#.# .....#
.#$#.# .....# ######
#.#.#.# .....# #.....
#.#.#.# ...$. #.###.
#.#.#g# g.. #.# #.
#.#.#.#g#+#######.###.
#.#o#g#.#.......>#...
#.#♣#.#.#####...#.##
#g#.#.## ###.#.#.#
#s#(#.#.# #...#.#.#
#.#.#.#.## #.###.#.#
#.#.#.#.#.# #.# #.#.#
#.#.#.#.#.####.# #.#.#
#.#.#.#.#.#...†.# .#.#
#.#.#.#.#.#.#..#.....#.#
.#.#.#.#.#.#.#)#.#####


You could see Robin, an orc priest, a giant cockroach and 3 goblins.

Vanquished Creatures
  4 gnolls (D:2)
  2 adders (D:2)
  2 oozes (D:2)
  A worm (D:2)
  3 leopard geckos (D:2)
  2 orcs (D:3)
  2 ball pythons
  6 bats
  A giant cockroach (D:2)
  7 goblins
  7 hobgoblins
  9 jackals
  2 quokkas (D:2)
  2 frilled lizards
  4 kobolds
  7 rats
61 creatures vanquished.

Notes
Turn   | Place    | Note
-------+----------+-------------------------------------------
     0 | D:1      | lilly the Minotaur Monk began the quest for the Orb.
     0 | D:1      | Reached XP level 1. HP: 19/19 MP: 0/0
   186 | D:1      | Reached skill level 4 in Maces & Flails
   188 | D:1      | Reached XP level 2. HP: 18/27 MP: 1/1
   862 | D:2      | Reached XP level 3. HP: 23/33 MP: 2/2
  1031 | D:2      | Upgraded the game from 0.23.0 to 0.23.0-2-g0fe3ce5905
  1287 | D:2      | Reached skill level 5 in Maces & Flails
  1287 | D:2      | Reached XP level 4. HP: 19/41 MP: 3/3
  2087 | D:3      | Noticed Robin
  2103 | D:3      | Killed from afar by an orc priest

Skill      XL: |  1  2  3  4 |
---------------+-------------+-----
Maces & Flails | 4 5 |  5.7
Fighting       | 4 |  4.4
Dodging        | 4 |  4.0
Stealth        | |  1.9

Action                   |  1- 3 |  4- 6 || total
-------------------------+-------+-------++-------
Melee: Mace              |    73 |    51 ||   124
       Headbutt          |     8 |     8 ||    16
  Use: Scroll            |     3 |     3 ||     6
       Potion            |       |     1 ||     1
 Stab: Sleeping          |     2 |       ||     2
  Eat: Chunk             |     1 |     3 ||     4
Armor: Robe              |    18 |    14 ||    32
       Skin              |       |     6 ||     6
Dodge: Dodged            |    78 |    33 ||   111
